 Dungeon Crawl Stone Soup version 0.31-a0-1074-g0b22e4e0f1 (webtiles) character file.

Game seed: 10879813586053363591

79 Curundu the Slasher (level 4, -2/66 HPs)
             Began as a Troll Berserker on Dec 4, 2023.
             Was a Believer of Trog.
             Constricted to death by Ijyb (3 damage)
             ... on level 3 of the Dungeon on Dec 5, 2023.
             The game lasted 00:15:01 (2522 turns).

Curundu the Slasher (Troll Berserker)               Turns: 2522, Time: 00:15:03

Health: -2/66      AC: 22    Str: 25    XL:     4   Next: 17%
Magic:  3/3        EV: -2    Int:  9    God:    Trog [**....]
Gold:   120        SH: 10    Dex: 11    Spells: 3/3 levels left

rFire   . . .        m - +3 dagger
rCold   . . .        d - +0 tower shield
rNeg    . . .        b - melded +0 animal skin
rPois   +            (helmet currently unavailable)
rElec   .            (cloak currently unavailable)
rCorr   .            (gloves unavailable)
SInv    .            (boots unavailable)
Will    .....        (no amulet)
Stlth   +            f - +6 ring of intelligence
HPRegen 1.11/turn    (no ring)
MPRegen 0.08/turn

%: no passive effects
@: tree-form, grasped by roots, constricted
A: stationary, stasis, torment immunity, boosted hp, large, unfitting armour,
(claws 3), regeneration 1, (shaggy fur 1), (tough skin 1), sense surroundings 1
a: Renounce Religion, Berserk, Trog's Hand


You were on level 3 of the Dungeon.
You worshipped Trog.
Trog was pleased with you.
You were a tree.
You visited 1 branch of the dungeon, and saw 3 of its levels.

You collected 120 gold pieces.

Inventory:

Hand Weapons
 a - a +0 falchion
 m - a +3 dagger (weapon)
 o - a +0 sling
Missiles
 c - 55 stones
 l - 9 poisoned darts (quivered)
 r - 3 javelins
Armour
 b - a +0 animal skin (melded)
 d - a +0 tower shield (worn)
 j - a +0 pair of gloves
Jewellery
 f - a +6 ring of intelligence (left branch)
 k - an amulet of faith
Scrolls
 h - a scroll of noise {unknown}
 p - a scroll of revelation {unknown}
Potions
 e - 3 potions of attraction {unknown}
 g - a potion of mutation
 i - a potion of lignification
 n - a potion of heal wounds {unknown}
 q - 2 potions of magic {unknown}


   Skills:
 + Level 2.8 Fighting
 + Level 0.2(2.0) Short Blades
 + Level 3.2 Long Blades
 + Level 2.8 Dodging
 + Level 0.2 Stealth
 + Level 0.9 Shields


You had 3 spell levels left.
You didn't know any spells.
Your spell library was empty.

Dungeon Overview and Level Annotations

Branches:
Dungeon (3/15)

Altars:

Annotations:
D:3 Ijyb


Innate Abilities, Weirdness & Mutations

You are a tree.
Your roots penetrate the ground, keeping you stationary.
You cannot be teleported.
You are immune to unholy pain and torment.
Your maximum health is greatly increased.
Your equipment is partially melded.
You are too large for most types of armour.
((You have claws for hands.))
Your natural rate of healing is unusually fast.
((You are covered in fur. (AC +1)))
((You have tough skin. (AC +1)))
You passively map a small area around you.


Message History

You block the hobgoblin's attack. You block Ijyb's attack.
The grasping roots constrict you. The adder bites you but does no damage.
The grasping roots release their grip on you.
You barely miss Ijyb.
Ijyb is lightly wounded.
You block the hobgoblin's attack.
Ijyb zaps a wand.
The roots erupt in riotous growth!
The grasping roots grab you!
The adder is unaffected.
Ijyb is unaffected.
The hobgoblin is unaffected.
The grasping roots constrict you. The adder bites you but does no damage.
The hobgoblin hits you. Ijyb screams, "Me kill you!" Ijyb barely misses you.
The grasping roots constrict you.
* * * LOW HITPOINT WARNING * * *
You block the adder's attack.
It was a potion of mutation.
You feel extremely strange.
You feel a strange attunement to the structure of the dungeons.
You block the adder's attack. Ijyb hits you with a +0 club.
* * * LOW HITPOINT WARNING * * *
The grasping roots constrict you.
* * * LOW HITPOINT WARNING * * *
You block the hobgoblin's attack.
It was a potion of lignification.
You turn into a tree.
Your +0 animal skin melds into your body.
Your roots penetrate the ground.
You block the adder's attack. Ijyb hits you but does no damage.
The grasping roots constrict you.
The hobgoblin hits you but does no damage.
You hit Ijyb but do no damage.
Ijyb is lightly wounded.
The adder bites you but does no damage. You block the hobgoblin's attack.
Ijyb hits you but does no damage. The grasping roots constrict you.
* * * LOW HITPOINT WARNING * * *
You block the adder's attack.
You closely miss Ijyb.
Ijyb is lightly wounded.
The adder bites you but does no damage. You block the hobgoblin's attack.
Ijyb hits you with a +0 club.
* * * LOW HITPOINT WARNING * * *
The grasping roots constrict you.
You die...

## #........# ** *
.## #....<...# ..#
#........# * **
#.# ###........# ,
#.####..........#
*##.##...###.#####
* #.....### .# *
##S.#### ## #.g♣#
** #.#g# #.$#.# *
* #.##.# #. #.# ,
#.*#.. * * , #.# *
!.# *


You could see Ijyb, an adder and a hobgoblin.

Vanquished Creatures
  3 adders (D:2)
  2 dart slugs
  3 ball pythons
  2 bats
  5 endoplasms
  7 goblins
  7 hobgoblins
  2 jackals (D:1)
  4 kobolds (D:1)
  2 frilled lizards
  6 rats
43 creatures vanquished.

Notes
Turn   | Place    | Note
-------+----------+-------------------------------------------
     0 | D:1      | Curundu the Troll Berserker began the quest for the Orb.
     0 | D:1      | Reached XP level 1. HP: 22/22 MP: 0/0
   363 | D:1      | Reached XP level 2. HP: 29/29 MP: 1/1
   697 | D:1      | Reached ** piety under Trog
   723 | D:1      | Reached XP level 3. HP: 36/36 MP: 2/2
  1215 | D:1      | Reached skill level 3 in Long Blades
  2050 | D:2      | Reached XP level 4. HP: 41/44 MP: 3/3
  2504 | D:3      | Noticed Ijyb
  2519 | D:3      | Gained mutation: You passively map a small area around you.
                  | [potion of mutation]
  2519 | D:3      | HP: 1/44 [constriction (4)]
  2522 | D:3      | Constricted to death by Ijyb

Illustrated notes

Levels and vault maps discovered:
D:1:      dpeg_arrival_circle_labyrinth_c, layout_loops_ring, serial_rivers,
          chequers_serial_rivers_large_a, chequers_serial_rivers_micro_c,
          chequers_serial_rivers_small_3, chequers_serial_rivers_micro_a,
          chequers_serial_rivers_room_a, minmay_misc_feat_pillars,
          minmay_pentomino_q2
D:2:      layout_basic, chequers_serial_rivers_micro_d
D:3:      layout_rooms, mainiacjoe_overflow_chevrons,
          nicolae_elyvilon_peaceful_grove, uniq_ijyb

Skill      XL: |  1  2  3 |
---------------+----------+-----
Long Blades    | 3 |  3.2
Fighting       | |  2.8
Short Blades   | |  0.2
Dodging        | |  2.8
Stealth        | |  0.2
Shields        | |  0.9

Action                     |  1- 3 |  4- 6 || total
---------------------------+-------+-------++-------
  Melee: Falchion          |    83 |       ||    83
         Dagger            |    43 |    34 ||    77
    Use: Potion            |       |     2 ||     2
   Stab: Sleeping          |     1 |       ||     1
 Armour: Animal skin       |    63 |    15 ||    78
         Skin              |       |     6 ||     6
  Dodge: Dodged            |    43 |     9 ||    52
  Block: Tower shield      |    74 |    22 ||    96

Table legend: (Time is in decaauts)
 A = Elapsed time spent in this place.
 B = Non-inter-level travel time spent in this place.
 C = Inter-level travel time spent in this place.
 D = Time resting spent in this place.
 E = Time spent auto-exploring this place.
 F = Levels seen in this place.
 G = Mean time per level.
                   A        B        C        D        E       F      G
               +--------+--------+--------+--------+--------+-----+--------+
         Total |   2574 |   2574 |      0 |     13 |      0 |   3 |  858.0 |
       Dungeon |   2574 |   2574 |      0 |     13 |      0 |   3 |  858.0 |
               +--------+--------+--------+--------+--------+-----+--------+

Top non-repeatable levels by time:
     D:1: 1455 daAuts
     D:2: 1080 daAuts
     D:3: 38 daAuts
